 Dungeon Crawl Stone Soup version 0.26-a0-649-gf8c6c3aab7 (webtiles) character file.

Game seed: 2598045109959902129

317 TigOlBitties the Magician (level 6, 0/34 HPs)
             Began as a Deep Elf Earth Elementalist on Sept 26, 2020.
             Slain by Pikel
             ... wielding a +1 whip of flaming
              (4 damage)
             ... on level 3 of the Dungeon.
             The game lasted 00:09:55 (4626 turns).

TigOlBitties the Magician (DEEE)                    Turns: 4626, Time: 00:09:56

Health: 0/34       AC:  5    Str:  5    XL:     6   Next: 20%
Magic:  9/16       EV: 13    Int: 22    God:
Gold:   217        SH:  0    Dex: 15    Spells: 12/16 levels left

rFire    . . .     SeeInvis .   h - +0 long sword
rCold    . . .     Faith    .   (no shield)
rNeg     . . .     Spirit   .   c - +0 robe
rPois    .         Reflect  .   (no helmet)
rElec    .         Harm     .   a - +0 cloak
rCorr    .         Rampage  .   (no gloves)
MR       .....                  p - +1 pair of boots
Stlth    ++........             (no amulet)
HPRegen  0.11/turn              (no ring)
MPRegen  0.15/turn              (no ring)

@: no status effects
A: no striking features
a: no special abilities


You were on level 3 of the Dungeon.
You visited 1 branch of the dungeon, and saw 4 of its levels.

You collected 217 gold pieces.

Inventory:

Hand Weapons
 h - a +0 long sword (weapon)
Missiles
 b - 175 stones (quivered)
Armour
 a - a +0 cloak (worn)
 c - a +0 robe (worn)
 p - a +1 pair of boots (worn)
Scrolls
 e - a scroll of remove curse
 g - 2 scrolls of teleportation {unknown}
 k - 2 scrolls of identify {unknown}
 l - a scroll of fear {unknown}
 m - 2 scrolls of fog {unknown}
 o - 2 scrolls of enchant armour {unknown}
 r - 2 scrolls of magic mapping {unknown}
Potions
 d - a potion of lignification {unknown}
 f - 2 potions of curing {unknown}
 i - 2 potions of stabbing {unknown}
 j - a potion of flight {unknown}
 n - a potion of brilliance {unknown}
 q - a potion of heal wounds {unknown}


   Skills:
 - Level 1.1 Fighting
 - Level 2.4 Dodging
 - Level 2.4 Stealth
 + Level 5.5 Spellcasting
 * Level 3.2 Conjurations
   Level 1.1 Transmutations
 + Level 5.1 Earth Magic


You had 12 spell levels left.
You knew the following spells:

 Your Spells              Type           Power        Failure   Level
a - Sandblast             Erth           ####..       1%          1
b - Stone Arrow           Conj/Erth      ###...       4%          3

Your spell library contained the following spells:

 Spells                   Type           Power        Failure   Level
 Passwall                 Tmut/Erth      ###.....     4%          2
 Petrify                  Tmut/Erth      ###.....     26%         4
 Lee's Rapid Deconstruct  Erth           ####......   32%         5


Dungeon Overview and Level Annotations

Branches:
Dungeon (4/15)
 Temple: D:4-7

Altars:
Makhleb
Wu Jian

Annotations:
D:3 Pikel
D:4 Dowan, Duvessa


Message History

Pikel burns you.
Casting: Stone Arrow (dangerous; 4% risk of failure)
Confirm with . or Enter, or press ? or * to list all spells.
Aiming: Stone Arrow (dangerous; 4% risk of failure)
Press: ? - help, Shift-Dir - straight line, f/p - Pikel
Aim: Pikel, wielding a +1 whip of flaming and wearing a +0 robe The stone arrow hits Pikel!
Pikel is lightly wounded.
Pikel hits you with a +1 whip of flaming.
Pikel burns you.
Casting: Stone Arrow (dangerous; 4% risk of failure)
Confirm with . or Enter, or press ? or * to list all spells.
Aiming: Stone Arrow (dangerous; 4% risk of failure)
Press: ? - help, Shift-Dir - straight line, f/p - Pikel
Aim: Pikel, wielding a +1 whip of flaming and wearing a +0 robe (lightly wounded)
The stone arrow misses Pikel.
Pikel hits you with a +1 whip of flaming!
* * * LOW HITPOINT WARNING * * *
Pikel burns you.
You die...

# #.# #..######...... #
###.########..# ##.##.. #
#.............# #.##.#
########)#.########.## #.##..
............# ####.########.####
#######...#.# #..........##.##
#.......# #.##.#####.#.#.#
#####.#.##.## #.##.#####.##.##
......#.##.# #@K.5.........####
#######.##.#####.##..####.#......
#.##>##........###.#...####
#.......#...##...)###..#
####.#......#...##.#...#
#.##.##....#.....#..# #
#.##.....#....####..# #
#.#####.###.#.####..#### #.# #.#
#.............


You could see Pikel and a lemure.

Vanquished Creatures
  An ogre (D:4)
  2 howler monkeys (D:4)
  An orc priest (D:3)
  Natasha (D:4)
  5 adders
  A worm (D:2)
  3 dart slugs (D:1)
  A leopard gecko (D:3)
  5 orcs
  2 ball pythons
  A giant cockroach (D:1)
  4 goblins (D:3)
  5 hobgoblins
  4 jackals (D:3)
  3 kobolds (D:3)
  3 quokkas
  A bat (D:1)
  6 frilled lizards
  2 rats
51 creatures vanquished.

Notes
Turn   | Place    | Note
-------+----------+-------------------------------------------
     0 | D:1      | TigOlBitties the Deep Elf Earth Elementalist began the
                  | quest for the Orb.
     0 | D:1      | Reached XP level 1. HP: 10/10 MP: 6/6
   365 | D:1      | You fall into a shaft and drop 1 floor!
   393 | D:2      | Reached XP level 2. HP: 16/16 MP: 4/8
   566 | D:2      | Reached skill level 1 in Fighting
   927 | D:2      | Reached XP level 3. HP: 16/20 MP: 7/10
   932 | D:2      | Learned a level 3 spell: Stone Arrow
  1152 | D:2      | Found a burning altar of Makhleb.
  2518 | D:3      | Reached skill level 1 in Conjurations
  2883 | D:3      | Reached XP level 4. HP: 25/25 MP: 8/12
  3873 | D:4      | Reached XP level 5. HP: 29/29 MP: 5/14
  3964 | D:4      | Found an ornate altar of the Wu Jian Council.
  4054 | D:4      | Reached skill level 5 in Spellcasting
  4109 | D:4      | Noticed an ogre
  4131 | D:4      | Killed an ogre
  4131 | D:4      | Reached skill level 5 in Earth Magic
  4131 | D:4      | Reached XP level 6. HP: 12/34 MP: 2/16
  4353 | D:4      | Noticed Natasha
  4363 | D:4      | Killed Natasha
  4449 | D:4      | Got a pair of transparent boots
  4462 | D:4      | Identified the cursed +0 pair of boots "Keidghou" {Harm}
                  | (You found it on level 4 of the Dungeon)
  4544 | D:4      | Noticed Pikel
  4546 | D:4      | Noticed Duvessa
  4547 | D:4      | Noticed Dowan
  4626 | D:3      | Slain by Pikel

Illustrated notes

Levels and vault maps discovered:
D:1:      evilmike_arrival_rings, layout_rooms, nrook_mini_vaults
D:2:      layout_basic, lightli_temple_of_fire
D:3:      layout_loops_ring
D:4:      cheibrodos_quashed, layout_gridville, nicolae_overflow_crystal_walls,
          uniq_pikel, uniq_eustachio, uniq_duvessa, uniq_natasha

Skill      XL: |  1  2  3  4  5 |
---------------+----------------+-----
Fighting       | 1 |  1.1
Spellcasting   | 4 5 |  5.5
Conjurations   | 1 2 3 |  3.2
Earth Magic    | 4 5 |  5.1
Dodging        | |  2.4
Stealth        | |  2.4
Transmutations | |  1.1

Action                   |  1- 3 |  4- 6 || total
-------------------------+-------+-------++-------
Melee: Unarmed           |     4 |       ||     4
       Long sword        |    67 |     5 ||    72
 Cast: Sandblast         |    21 |     5 ||    26
       Stone Arrow       |    10 |    31 ||    41
  Use: Scroll            |       |     2 ||     2
 Stab: Sleeping          |     1 |       ||     1
Armor: Robe              |    20 |     1 ||    21
Dodge: Dodged            |    72 |    13 ||    85
       Rpst.: Long sword |    16 |     6 ||    22

Table legend: (Time is in decaauts)
 A = Elapsed time spent in this place.
 B = Non-inter-level travel time spent in this place.
 C = Inter-level travel time spent in this place.
 D = Time resting spent in this place.
 E = Time spent auto-exploring this place.
 F = Levels seen in this place.
 G = Mean time per level.
                   A        B        C        D        E       F      G
               +--------+--------+--------+--------+--------+-----+--------+
         Total |   4654 |   4578 |     76 |    900 |   2768 |   4 | 1163.5 |
       Dungeon |   4654 |   4578 |     76 |    900 |   2768 |   4 | 1163.5 |
               +--------+--------+--------+--------+--------+-----+--------+

Top non-repeatable levels by time:
     D:3: 1531 daAuts
     D:2: 1288 daAuts
     D:1: 938 daAuts
     D:4: 895 daAuts
